 Dungeon Crawl Stone Soup version 0.30-a0-1160-g6e42c06551 (webtiles) character file.

Game seed: 13739833966074047510

21449 Lavandula the Merchant of Misery (level 12, -6/92 HPs)
             Began as a Mummy Necromancer on Apr 25, 2023.
             Was a Believer of Kikubaaqudgha.
             Mangled by a six-headed hydra (10 damage)
             ... on level 3 of the Lair of Beasts.
             The game lasted 00:48:27 (15020 turns).

Lavandula the Merchant of Misery (MuNe)            Turns: 15020, Time: 00:48:28

Health: -6/92      AC:  9    Str: 12    XL:     12   Next: 54%
Magic:  11/24      EV: 18    Int: 19    God:    Kikubaaqudgha [**....]
Gold:   636        SH:  0    Dex: 12    Spells: 3/27 levels left

rFire   x . .        D - +7 broad axe
rCold   + . .        (no shield)
rNeg    + + +        j - +0 leather armour
rPois   ∞            n - +0 helmet
rElec   .            (no cloak)
rCorr   +            i - +1 pair of gloves
SInv    .            v - +2 pair of boots
Will    +++..        (no amulet)
Stlth   +            m - +5 ring of evasion
HPRegen 0.35/turn    b - ring "Kahan" {Wiz Will++ rCorr}
MPRegen 0.19/turn

%: faith, wizardry (x1)
@: no status effects
A: cold resistance 1, negative energy resistance 3, torment resistance 2, heat
vulnerability 1, in touch with death 1, no potions, faith
a: Renounce Religion, Unearth Wretches


You were on level 3 of the Lair of Beasts.
You worshipped Kikubaaqudgha.
Kikubaaqudgha was pleased with you.
You visited 3 branches of the dungeon, and saw 13 of its levels.
You also visited: Sewer and Volcano.

You collected 636 gold pieces.

Inventory:

Hand Weapons
 a - a +2 short sword of venom
 o - a +0 dagger of venom
 r - a +1 dagger of speed
 x - a +3 dagger
 D - a +7 broad axe (weapon)
Missiles
 k - 40 poisoned darts
 p - 8 javelins
 u - 3 curare-tipped darts
Armour
 i - a +1 pair of gloves (worn)
 j - a +0 leather armour (worn)
 n - a +0 helmet (worn)
 v - a +2 pair of boots (worn)
 y - a +0 robe of willpower
 E - a +1 ring mail of cold resistance
Jewellery
 b - the ring "Kahan" (right hand) {Wiz Will++ rCorr}
   (You acquired it on level 3 of the Dungeon)

   [ring of wizardry]

   It improves your spell success rate.
   rCorr:     It protects you from acid and corrosion.
   Will:      It greatly increases your willpower.
 e - a +6 ring of dexterity
 f - a ring of positive energy
 m - a +5 ring of evasion (left hand)
 t - a +6 ring of strength
 B - a ring of flight
 F - a ring of protection from cold
Wands
 c - a wand of flame (3)
 q - a wand of charming (4)
Scrolls
 d - 3 scrolls of vulnerability
 g - 8 scrolls of teleportation
 h - a scroll of poison
 l - a scroll of fear
 s - 2 scrolls of brand weapon {unknown}
 w - a scroll of magic mapping
 z - a scroll of fog {unknown}
 A - a scroll of enchant weapon {unknown}
 C - 4 scrolls of amnesia {unknown}


   Skills:
 - Level 8.0 Fighting
 - Level 9.0 Short Blades
 - Level 8.0 Axes
 - Level 6.0 Dodging
 - Level 1.5 Stealth
 - Level 8.0 Spellcasting
 + Level 10.1 Necromancy
 - Level 3.0 Poison Magic


You had 3 spell levels left.
You knew the following spells:

 Your Spells              Type           Power      Damage    Failure   Level
a - Necrotise             Necr           100%       1d9       1%          1
b - Vampiric Draining     Necr           62%        2d10      1%          3
c - Animate Dead          Necr           62%        N/A       1%          4
d - Anguish               Hex/Necr       20%        N/A       6%          4
e - Poisonous Vapours     Pois/Air       26%        N/A       4%          2
f - Agony                 Necr           62%        N/A       1%          5
g - Kiss of Death         Conj/Necr      100%       2d13      1%          1
h - Fulminant Prism       Conj/Hex       3%         3d5       41%         4

Your spell library contained the following spells:

 Spells                   Type           Power      Damage    Failure   Level
 Cigotuvi's Dreadful Rot  Necr/Pois/Air  72%        N/A       1%          2
 Sting                    Tmut/Pois      52%        1d5       2%          1
 Apportation              Tloc           14%        N/A       4%          1
 Summon Small Mammal      Summ           28%        N/A       4%          1
 Ensorcelled Hibernation  Hex/Ice        14%        N/A       7%          2
 Call Canine Familiar     Summ           7%         N/A       14%         3
 Summon Guardian Golem    Hex/Summ       7%         N/A       14%         3
 Volatile Blastmotes      Fire/Tloc      14%        2d11      14%         3
 Olgreb's Toxic Radiance  Pois           19%        N/A       13%         4
 Iskenderun's Mystic Bla  Conj/Tloc      7%         2d4       41%         4
 Alistair's Intoxication  Tmut/Pois      8%         N/A       52%         5
 Lee's Rapid Deconstruct  Erth           3%         3d5*      75%         5
 Spider Form              Tmut/Pois      Unusable   N/A       N/A         3

Dungeon Overview and Level Annotations

Branches:
Dungeon (9/15)             Temple (1/1) D:4            Lair (3/5) D:9
  Swamp (0/4) Lair:2        Snake (0/4) Lair:3          Orc (0/2) D:9
  Sewer (visited)         Volcano (visited)

Altars:
Ashenzari
Cheibriados
Dithmenos
Fedhas
Gozag
Hepliaklqana
Kikubaaqudgha
Makhleb
Nemelex Xobeh
Qazlal
Ru
Sif Muna
Trog
Uskayaw
Vehumet
Wu Jian
Xom
Yredelemnul

Shops:
D:3 [

Annotations:
D:7 Joseph
Lair:1 exclusion: ice statue


Innate Abilities, Weirdness & Mutations

You are immune to poison.
Your flesh is cold resistant. (rC+)
You are immune to negative energy. (rN+++)
You are immune to unholy pain and torment.
You are vulnerable to heat. (rF-)
You are in touch with the powers of death.
You do not drink.
You have a special connection with the divine. (Faith)


Message History

Your water moccasin zombie bites the rime drake but does no damage.
The six-headed hydra bites you! The six-headed hydra misses you.
The six-headed hydra barely misses you. x2; The six-headed hydra bites you.
The six-headed hydra barely misses you.
Your dream sheep zombie closely misses the rime drake.
The rime drake bites your water moccasin zombie.
You swap places.
The ice encasing you melts away.
Your water moccasin zombie bites the rime drake.
The six-headed hydra barely misses your dream sheep zombie.
The six-headed hydra bites your dream sheep zombie! x2
The six-headed hydra bites your dream sheep zombie!!
The six-headed hydra bites your dream sheep zombie! x2
Your dream sheep zombie is destroyed!
The rime drake bites your water moccasin zombie.
Your dream sheep zombie bites the rime drake.
Your water moccasin zombie bites the rime drake!
The rime drake dies!
Kikubaaqudgha accepts your kill.
Casting: Agony (dangerous; 1% risk of failure)
Confirm with . or Enter, or press ? or * to list all spells.
Aiming: Vampiric Draining (safe; 1% risk of failure)
Press: ? - help, Shift-Dir - straight line, f/p - six-headed hydra
Aim: a six-headed hydra (severely wounded, ally target)
You feel a surge of power!
You draw life force from the six-headed hydra!
You feel life coursing into your body!
Your water moccasin zombie bites the six-headed hydra.
The six-headed hydra bites you. The six-headed hydra bites you!
The six-headed hydra barely misses you.
The six-headed hydra closely misses you.
The six-headed hydra bites you!
* * * LOW HITPOINT WARNING * * *
The six-headed hydra closely misses you.
The six-headed hydra attacks as you move away!
The six-headed hydra bites you!
* * * LOW HITPOINT WARNING * * *
The six-headed hydra bites you!
You die...
Kikubaaqudgha rasps: "You have failed me!
Welcome... oblivion!"

.....#.#..##........##.
#...####.#####..........
...## ### #.......#..
#...# ##......... .P..#
## #......... #...#
#.#..###.......#. .#...
........#......#..
###.....#......ZZ.......
.... #......^@...#..
...#.....DZ.......
..........ZZ......
.........P........
.........(........
.........P........
..........P.(....
.......(P....(..#
....P.?(.P...#.


You could see a six-headed hydra (ally target), a friendly water moccasin
zombie, a friendly cane toad zombie and 3 friendly dream sheep zombies.

Vanquished Creatures
  A hydra (Lair:2)
  A boulder beetle (Lair:2)
  Urug (Lair:1)
  A bog body (Lair:2)
  A lindwurm (Volcano)
  Pikel (D:8)
  4 black mambas
  3 cane toads
  A torpor snail (Lair:3)
  A rime drake (Lair:1)
  2 trolls (D:9)
  A polar bear (Lair:1)
  A hornet (D:9)
  7 blink frogs
  3 dream sheep (Lair:3)
  A wyvern (Lair:2)
  A basilisk (Lair:1)
  5 yaks (Lair:2)
  Grum (Lair:1)
  A death yak simulacrum (Lair:1)
  An acid dragon (D:9)
  2 harpy simulacra (Lair:1)
  9 water moccasins
  An ice beast (D:7)
  2 black bears
  2 orc warriors (D:9)
  3 ogres
  3 wolves (Lair:1)
  3 centaurs
  4 bullfrogs
  6 kobold brigands
  A gnoll sergeant (D:9)
  11 killer bees
  4 howler monkeys
  2 hounds
  A gnoll bouda (D:3)
  2 orc priests
  An iguana (D:5)
  5 orc wizards
  15 adders
  12 gnolls
  5 river rats
  A shadow imp (D:8)
  An ufetubus (D:7)
  4 worms
  A dart slug (D:4)
  14 orcs
  7 ball pythons
  9 endoplasms
  A giant cockroach (D:2)
  4 goblins
  14 hobgoblins
  10 jackals
  23 kobolds
  3 quokkas (D:1)
  2 bats (D:3)
  4 frilled lizards
  6 rats
237 creatures vanquished.

Vanquished Creatures (collateral kills)
  An oklob plant (Lair:2)
  A black mamba (Lair:3)
  A cane toad (Lair:3)
  3 rime drakes
  3 komodo dragons
  2 ice devils (Lair:1)
  A polar bear (Lair:1)
  A blink frog (Lair:1)
  2 dream sheep (Lair:3)
  A shadow (D:9)
  2 wyverns
  12 yaks
  A basilisk (Lair:2)
  An acid dragon (D:6)
  3 water moccasins
  4 wolves
  A centaur (Volcano)
  A kobold brigand (D:9)
  2 bullfrogs (D:8)
  A two-headed ogre simulacrum (Lair:1)
  5 killer bees
  2 howler monkeys (D:8)
  A jelly (D:4)
  An orc wizard (D:6)
  A spriggan simulacrum (Lair:1)
  A polar bear simulacrum (Lair:1)
  2 white imps
  3 orcs
  A goblin (D:4)
  2 kobolds
  A quokka (D:1)
  2 frilled lizards
  A rat (Sewer)
67 creatures vanquished.

Vanquished Creatures (others)
  A lindwurm (Volcano)
  A cane toad (Lair:1)
  A blink frog (Lair:1)
  A water moccasin (Lair:1)
  An orc warrior (D:9)
  2 blink frog zombies (Lair:1)
  2 dream sheep zombies (Lair:3)
  A wolf (Lair:1)
  A komodo dragon zombie (Lair:2)
  2 wyvern zombies
  2 yak zombies (Lair:2)
  A troll zombie (D:9)
  5 wolf zombies
  A bullfrog zombie (Lair:1)
  A centaur zombie (Volcano)
  4 killer bee zombies
  An ogre zombie (D:7)
  An acid dragon zombie (D:9)
  A hound zombie (D:7)
  A white imp (Lair:1)
  4 adder zombies
  4 gnoll zombies
  A dart slug zombie (D:4)
  A frilled lizard zombie (Sewer)
  3 jackal zombies
  8 kobold zombies
  5 orc zombies
  A rat zombie (Sewer)
  A fulminant prism (Lair:2)
  9 fungi
  60 plants
128 creatures vanquished.

Grand Total: 432 creatures vanquished

Notes
Turn   | Place    | Note
-------+----------+-------------------------------------------
     0 | D:1      | Lavandula the Mummy Necromancer began the quest for the
                  | Orb.
     0 | D:1      | Reached XP level 1. HP: 13/13 MP: 4/4
   251 | D:2      | Reached XP level 2. HP: 19/19 MP: 3/5
   402 | D:2      | Reached skill level 5 in Necromancy
   402 | D:2      | Gained mutation: You are in touch with the powers of death.
                  | [Mummy growth]
   402 | D:2      | Reached XP level 3. HP: 21/24 MP: 0/7
  1564 | D:2      | Reached XP level 4. HP: 30/30 MP: 6/8
  1591 | D:2      | Found a faded altar of an unknown god.
  1592 | D:2      | Noticed a great orb of eyes
  1597 | D:2      | Noticed an eye of devastation
  1600 | D:2      | Noticed an eye of devastation
  1600 | D:2      | Noticed a shining eye
  1609 | D:2      | Reached skill level 1 in Short Blades
  2064 | D:3      | Learned a level 3 spell: Vampiric Draining
  2069 | D:3      | Learned a level 4 spell: Animate Dead
  2219 | D:3      | Found Nuickov's Antique Armour Boutique.
  2502 | D:3      | Reached XP level 5. HP: 35/35 MP: 5/9
  2503 | D:3      | Identified a scroll of acquirement
  2506 | D:3      | Acquired the ring "Kahan" {Wiz Will++ rCorr}
  3286 | D:4      | Reached XP level 6. HP: 33/41 MP: 3/10
  3883 | D:4      | Found a staircase to the Ecumenical Temple.
  4072 | D:5      | Entered Level 5 of the Dungeon
  4121 | D:5      | Reached skill level 5 in Short Blades
  4617 | D:5      | Reached XP level 7. HP: 41/46 MP: 5/11
  5229 | D:6      | Found the +6 lightning scales {swift, rElec}
  5321 | D:6      | Found a stormy altar of Qazlal.
  5365 | D:6      | Reached XP level 8. HP: 26/52 MP: 9/12
  5521 | D:6      | Found a glowing drain.
  5561 | Sewer    | Entered a sewer
  6887 | D:7      | You fall into a shaft and drop 1 floor!
  6901 | D:8      | Noticed Pikel
  6974 | D:8      | Killed Pikel
  6975 | D:8      | Reached skill level 6 in Necromancy
  6975 | D:8      | Reached XP level 9. HP: 16/57 MP: 6/13
  6996 | D:8      | Reached skill level 7 in Necromancy
  7222 | D:8      | Reached skill level 8 in Necromancy
  7242 | D:8      | Reached skill level 9 in Necromancy
  7290 | D:7      | Noticed Joseph
  7436 | D:8      | Found a shimmering blue altar of Sif Muna.
  7439 | D:8      | Found a blossoming altar of Fedhas.
  7542 | D:8      | Learned a level 4 spell: Anguish
  7714 | Temple   | Entered the Ecumenical Temple
  7721 | Temple   | Became a worshipper of Kikubaaqudgha
  7867 | D:6      | Learned a level 2 spell: Poisonous Vapours
  7885 | D:7      | Reached skill level 1 in Poison Magic
  8882 | D:9      | Found a staircase to the Orcish Mines.
  8882 | D:9      | Noticed a troll
  8895 | D:9      | Reached XP level 10. HP: 57/63 MP: 11/15
  9091 | D:9      | Reached skill level 5 in Spellcasting
  9142 | D:9      | Found a staircase to the Lair.
  9168 | D:9      | Learned a level 5 spell: Agony
  9622 | D:9      | Reached skill level 1 in Fighting
  9845 | Lair:1   | Entered Level 1 of the Lair of Beasts
  9913 | Lair:1   | Noticed Urug
  9921 | Lair:1   | Killed Urug
 10117 | Lair:1   | Noticed Grum
 10131 | Lair:1   | Killed Grum
 10138 | Lair:1   | Reached * piety under Kikubaaqudgha
 10138 | Lair:1   | Received a gift from Kikubaaqudgha
 10139 | Lair:1   | Reached skill level 5 in Fighting
 10325 | Lair:1   | Your ally Grum died
 11146 | Lair:1   | Reached XP level 11. HP: 43/83 MP: 12/23
 11561 | Lair:1   | Reached skill level 1 in Axes
 12702 | Lair:2   | Reached skill level 5 in Axes
 12862 | Lair:2   | Found a dark tunnel.
 12880 | Lair:2   | Noticed an oklob plant
 12886 | Lair:2   | Noticed a five-headed hydra
 12897 | Lair:2   | Killed an oklob plant
 12900 | Lair:2   | Killed a five-headed hydra
 13009 | Volcano  | Entered a volcano
 13098 | Volcano  | Noticed a hell knight
 13262 | Lair:2   | Noticed a bog body
 13263 | Lair:2   | Found a staircase to the Swamp.
 13274 | Lair:2   | Killed a bog body
 13275 | Lair:2   | Reached XP level 12. HP: 78/92 MP: 24/24
 13313 | Lair:2   | Learned a level 1 spell: Kiss of Death
 13318 | Lair:2   | Learned a level 4 spell: Fulminant Prism
 13360 | Lair:2   | Noticed a boulder beetle
 13378 | Lair:2   | Killed a boulder beetle
 14397 | Lair:3   | Reached ** piety under Kikubaaqudgha
 14584 | Lair:3   | Reached skill level 5 in Dodging
 14821 | Lair:3   | Found a staircase to the Snake Pit.
 14975 | Lair:3   | Reached skill level 10 in Necromancy
 15010 | Lair:3   | Noticed a six-headed hydra
 15020 | Lair:3   | HP: 4/92 [six-headed hydra (11)]
 15020 | Lair:3   | Mangled by a six-headed hydra

Illustrated notes

Levels and vault maps discovered:
D:1:      dpeg_arrival_rhombi, layout_basic
D:2:      layout_rooms, hellmonk_ecumenical_altar_watching_god
D:3:      layout_loops_corners, serial_shops, nicolae_shop_stone,
          kennysheep_generic_room_12
D:4:      layout_basic, temple_green
D:5:      layout_cave_pods
D:6:      layout_rooms, nicolae_qazlal_general_emergency,
          lightli_sewer_entry_pipes
D:7:      layout_basic, uniq_joseph
D:8:      layout_cave_pools, minitemple, uniq_pikel
D:9:      layout_roguey [special_room_orc], david_lair_shrubbed,
          kennysheep_orc_monster_closet_entryway
Temple:   nicolae_temple_no_exploring_needed
Lair:1:   dreamdust_isle_of_ice, layout_small_grid, serial_bayou_crossing,
          uniq_urug, uniq_grum
Lair:2:   layout_cave_pods, skrybe_swamp_entry_bodies,
          nicolae_volcano_entry_two_sided
Lair:3:   layout_gridlike, minmay_snake_entry_six_corridors,
          hangedman_tree_tricks, pdpol_lair_neglected_garden, lemuel_fruit_tree,
          infiniplex_staircase_pool_2

Skill      XL: |  1  2  3  4  5  6  7  8  9 10 11 12 |
---------------+-------------------------------------+-----
Necromancy     | 5 6 9 10 | 10.1
Short Blades   | 2 3 5 7 9 |  9.0
Spellcasting   | 3 8 |  8.0
Poison Magic   | 2 3 |  3.0
Fighting       | 6 8 |  8.0
Axes           | 7 8 |  8.0
Dodging        | 6 |  6.0
Stealth        | |  1.5

Action                     |  1- 3 |  4- 6 |  7- 9 | 10-12 || total
---------------------------+-------+-------+-------+-------++-------
  Melee: Dagger            |    28 |       |       |       ||    28
         Short sword       |     7 |   128 |   348 |   193 ||   676
         Punch             |       |     2 |     4 |     8 ||    14
         Broad axe         |       |       |       |   110 ||   110
  Throw: Dart              |     3 |       |       |       ||     3
         Javelin           |       |     2 |       |       ||     2
   Cast: Necrotise         |    57 |    81 |    59 |    24 ||   221
         Animate Dead      |       |     6 |    10 |    13 ||    29
         Vampiric Draining |       |       |    14 |    36 ||    50
         Poisonous Vapours |       |       |     6 |     5 ||    11
         Anguish           |       |       |     1 |    23 ||    24
         Agony             |       |       |       |    16 ||    16
         Fulminant Prism   |       |       |       |     1 ||     1
 Invoke: Unearth Wretches  |       |       |       |     4 ||     4
  Evoke: Wand              |       |       |     3 |     7 ||    10
    Use: Scroll            |     1 |     6 |     2 |    12 ||    21
   Stab: Sleeping          |     1 |       |       |     1 ||     2
         Distracted        |       |     1 |     4 |     2 ||     7
         Paralysed         |       |       |       |     1 ||     1
 Armour: Leather armour    |     8 |    14 |    74 |    67 ||   163
         Robe              |     4 |       |       |       ||     4
  Dodge: Dodged            |    28 |   108 |   227 |   283 ||   646

Table legend: (Time is in decaauts)
 A = Elapsed time spent in this place.
 B = Non-inter-level travel time spent in this place.
 C = Inter-level travel time spent in this place.
 D = Time resting spent in this place.
 E = Time spent auto-exploring this place.
 F = Levels seen in this place.
 G = Mean time per level.
                   A        B        C        D        E       F      G
               +--------+--------+--------+--------+--------+-----+--------+
         Total |  15003 |  14330 |    673 |   2266 |   8681 |  15 | 1000.2 |
       Dungeon |   9061 |   8449 |    612 |   1162 |   5217 |   9 | 1006.8 |
        Temple |     14 |      7 |      7 |      0 |      0 |   1 |   14.0 |
          Lair |   4938 |   4886 |     52 |   1051 |   2904 |   3 | 1646.0 |
         Sewer |    831 |    831 |      0 |      0 |    559 |   1 |  831.0 |
       Volcano |    158 |    158 |      0 |     53 |      0 |   1 |  158.0 |
               +--------+--------+--------+--------+--------+-----+--------+

Top non-repeatable levels by time:
  Lair:1: 2708 daAuts
  Lair:2: 1575 daAuts
     D:8: 1250 daAuts
     D:3: 1226 daAuts
     D:6: 1180 daAuts
     D:9: 1119 daAuts
     D:4: 1041 daAuts
     D:2: 988 daAuts
     D:1: 965 daAuts
     D:5: 950 daAuts
   Sewer: 831 daAuts
  Lair:3: 655 daAuts
     D:7: 338 daAuts
 Volcano: 158 daAuts
  Temple: 14 daAuts
